 Dungeon Sprint DCSS version 0.17-a0-1719-g1afd5a1 (webtiles) character file.

54559 Kidiri the Unseen (level 12, -6/51 HPs)
             Began as a Spriggan Enchanter on Aug 27, 2015.
             Was the Champion of Dithmenos.
             Mangled by a dire elephant (35 damage)
             ... in the Dungeon (Sprint III: "The Ten Rune Challenge").
             The game lasted 00:18:39 (3306 turns).

Kidiri the Unseen (Spriggan Enchanter)              Turns: 3306, Time: 00:18:40

Health: -6/51      AC:  6    Str:  4    XL:     12   Next: 99%
Magic:  15/33      EV: 35    Int: 19    God:    Dithmenos [******]
Gold:   19         SH:  0    Dex: 19    Spells: 11 memorised, 9 levels left

rFire  . . .     SeeInvis +     q - +2 dagger (venom)
rCold  . . .     Clarity  .     b - +1 robe
rNeg   . . .     SustAt   .     (shield restricted)
rPois  +         Gourm    .     (helmet restricted)
rElec  .         Spirit   .     n - +2 cloak
rCorr  .         Warding  .     (gloves unavailable)
rMut   .         NoTele   +     (boots unavailable)
MR     ++...                    (no amulet)
Stlth  ++++++++++               (no ring)
                                k - ring of poison resistance

@: wreathed by umbra, very quick, very resistant to hostile enchantments,
uncannily stealthy
A: unfitting armour, see invisible, herbivore 3, speed 3, slow metabolism 2
a: Shadow Step, Shadow Form, Renounce Religion
}: 2/10 runes: serpentine, barnacled


You were in the Dungeon.
You worshipped Dithmenos.
Dithmenos was exalted by your worship.
You were full.

You visited 1 branch You collected 19 gold pieces.

Inventory:

Hand weapons
 q - a +2 dagger of venom (weapon)
Armour
 b - a +1 robe (worn)
 n - a +2 cloak (worn)
Jewellery
 k - a ring of poison resistance (left hand)
Magical devices
 a - a wand of magic darts (25)
Scrolls
 p - a scroll of immolation {unknown}
 r - 2 scrolls of remove curse {unknown}
 u - a scroll of torment {unknown}
Potions
 c - 2 potions of lignification {unknown}
 e - a potion of curing
 g - a potion of haste
 h - 2 potions of magic
 l - a potion of agility {unknown}
 s - 3 potions of cure mutation
 t - 2 potions of flight
Books
 m - a book of Alchemy

   Spells                             Type                      Level
   a - Sublimation of Blood           Necromancy                   2
   b - Ignite Poison                  Fire/Transmutation/Poison    3
   c - Alistair's Intoxication        Transmutation/Poison         4
   d - Condensation Shield            Ice                          4
   e - Petrify                        Transmutation/Earth          4
   f - Irradiate                      Conjuration/Transmutation    5
Comestibles
 d - a bread ration
 i - 25 royal jellies
 v - 9 fruits


   Skills:
 + Level 11.2 Short Blades
 * Level 19.0 Dodging
 * Level 20.7 Stealth
 * Level 16.5 Spellcasting
 + Level 7.4 Conjurations
 + Level 12.8 Hexes
 + Level 8.5 Transmutations
 + Level 8.3 Ice Magic
 + Level 8.5 Air Magic
 + Level 9.3 Poison Magic
 - Level 2.0 Invocations


You had 9 spell levels left.
You knew the following spells:

 Your Spells              Type           Power        Failure   Level  Hunger
a - Corona                Hex            ######.      1%          1    None
b - Ensorcelled Hibernat  Hex/Ice        ######       1%          2    None
c - Confuse               Hex            ######..     1%          3    None
d - Tukima's Dance        Hex            ######..     1%          3    None
e - Dazzling Spray        Conj/Hex       ######..     1%          3    None
f - Cure Poison           Pois           ######....   1%          2    None
g - Mephitic Cloud        Conj/Pois/Air  #####...     1%          3    None
h - Olgreb's Toxic Radia  Pois           ######..     1%          4    None
i - Venom Bolt            Conj/Pois      #####.....   3%          5    ###....
j - Condensation Shield   Ice            #####.....   1%          4    None
k - Irradiate             Conj/Trmt      #####.....   4%          5    ###....


Dungeon Overview and Level Annotations

Branches:
Dungeon (1/1)

Altars:
Cheibriados
Dithmenos
Elyvilon
Fedhas
Gozag
Kikubaaqudgha
Makhleb
Nemelex Xobeh
Okawaru
Qazlal
Ru
Sif Muna
Trog
Vehumet
Xom
Yredelemnul
Zin
The Shining One
Jiyva
Lugonu

Shops:
D :[!:[?

Annotations:
D Gastronok


Innate Abilities, Weirdness & Mutations

You are tiny and cannot use many weapons and most armour.
You have supernaturally acute eyesight.
You are a herbivore.
You cover ground extremely quickly.
You need consume almost no food.


Message History

Casting: Dazzling Spray
Confirm with . or Enter, or press ? or * to list all spells.
Aiming: Dazzling Spray
Press: ? - help, Shift-Dir - straight line, f/p - dire elephant
Aim: a dire elephant (moderately wounded, poisoned, umbra)
The spray of energy hits the dire elephant.
The dire elephant is moderately wounded.
Your shadow mimicks your spell!
The shadow shard hits the dire elephant.
The dire elephant tramples you!
You stumble backwards!
Casting: Dazzling Spray
Confirm with . or Enter, or press ? or * to list all spells.
Aiming: Dazzling Spray
Press: ? - help, Shift-Dir - straight line, f/p - dire elephant
Aim: a dire elephant (moderately wounded, poisoned, umbra)
The spray of energy hits the dire elephant.
The dire elephant is moderately wounded.
The dire elephant is dazzled.
The dire elephant tramples you!!
Ouch! That really hurt!
You die...

▓..Y+≈≈≈≈.§≈.≈♣♣.....♣♣♣♣≈≈
▓..P#≈..≈§§≈≈.♣♣.≈≈≈≈+♣♣'♣≈
▓.PP#≈≈.≈§§§≈≈%'...%%#.≈♣♣♣
▓Y.P#≈.≈§§§≈≈≈♣♣♣♣♣♣♣#..♣♣
..?#≈≈§§§§≈≈≈♣ ###+♣♣
▓##Y####+#######♣ ♣♣♣♣.##
▓....w......)Y§§♣♣ ♣...##.
▓#+#############§♣ ♣♣.##.#
...#≈P...@Y..§§§♣ ♣..#.#
▓J..+≈≈...########♣♣ ♣♣.##.
▓.J.#≈≈≈.........PP♣ ♣♣.##.
▓JJ.#≈≈≈≈P..PP....P♣ ♣.....
#+#############+###########
▓............ ▓≈≈........≈≈
▓≈≈≈....P.≈≈≈ ▓≈≈≈≈≈..≈≈≈≈≈


You could see a dire elephant (blind).

Vanquished Creatures
  Rupert (D)
  A kraken (D)
  A greater naga (D)
  Maud (D)
  Snorg (D)
  A naga warrior (D)
  2 hydras (D)
  A centaur warrior (D)
  2 anacondas (D)
  An alligator snapping turtle (D)
  4 death yaks (D)
  A death drake (D)
  An unseen horror (D)
  A spriggan druid (D)
  A lindwurm (D)
  A guardian serpent (D)
  6 black mambas (D)
  2 spiny frogs (D)
  A komodo dragon (D)
  A fire drake (D)
  3 wandering mushrooms (D)
  8 blink frogs (D)
  A queen bee (D)
  5 snapping turtles (D)
  3 redbacks (D)
  A shadow (D)
  2 spriggans (D)
  A spatial vortex (D)
  2 water moccasins (D)
  A naga (D)
  A swamp drake (D)
  2 centaurs (D)
  A necrophage (D)
  An earth elemental (D)
  2 brain worms (D)
  A water elemental (D)
  32 killer bees (D)
  An electric eel (D)
  A jelly (D)
  Crazy Yiuf (D)
  A wizard (D)
  A necromancer (D)
  3 humans (D)
  A kobold demonologist (D)
  2 adders (D)
  An ooze (D)
  3 rats (D)
  A fungus (D)
  2 plants (D)
116 creatures vanquished.

Vanquished Creatures (collateral kills)
  A deep elf priest (D)
  A naga (D)
2 creatures vanquished.

Vanquished Creatures (others)
  2 draconian scorchers (D)
  A dancing weapon (D)
  3 yaktaurs (D)
  2 fungi (D)
  A plant (D)
  20 tentacles (D)
  268 tentacle segments (D)
297 creatures vanquished.

Grand Total: 415 creatures vanquished

Notes
Turn   | Place    | Note
--------------------------------------------------------------
     0 | D        | Kidiri the Spriggan Enchanter began the quest for the Orb.
     0 | D        | Reached XP level 1. HP: 9/9 MP: 5/5
     9 | D        | Reached skill level 5 in Stealth
    18 | D        | Killed a yaktaur
    64 | D        | Noticed Crazy Yiuf
    67 | D        | Killed Crazy Yiuf
    67 | D        | Reached skill level 5 in Dodging
    67 | D        | Reached skill level 6 in Stealth
    67 | D        | Reached XP level 2. HP: 13/13 MP: 6/8
    67 | D        | Reached XP level 3. HP: 16/16 MP: 6/9
    75 | D        | Learned a level 2 spell: Ensorcelled Hibernation
    79 | D        | Learned a level 3 spell: Confuse
    83 | D        | Learned a level 3 spell: Tukima's Dance
   101 | D        | Reached skill level 7 in Stealth
   132 | D        | Gained mutation: You are agile. (Dex +2) [potion of mutation]
   132 | D        | Gained mutation: You are weak. (Str -2) [potion of mutation]
   133 | D        | Gained mutation: You can breathe flames. [potion of mutation]
   133 | D        | Lost mutation: You are agile. (Dex +2) [potion of mutation]
   133 | D        | Gained mutation: You are clumsy. (Dex -2) [potion of mutation]
   134 | D        | Lost mutation: You are weak. (Str -2) [potion of cure mutation]
   134 | D        | Lost mutation: You can breathe flames. [potion of cure mutation]
   134 | D        | Lost mutation: You are clumsy. (Dex -2) [potion of cure mutation]
   144 | D        | Noticed a water elemental
   164 | D        | Killed a water elemental
   164 | D        | Reached skill level 8 in Stealth
   164 | D        | Reached skill level 5 in Spellcasting
   164 | D        | Reached skill level 5 in Hexes
   164 | D        | Reached skill level 1 in Ice Magic
   164 | D        | Reached XP level 4. HP: 21/21 MP: 8/12
   191 | D        | Learned a level 3 spell: Dazzling Spray
   251 | D        | Killed a white draconian scorcher
   251 | D        | Killed a white draconian scorcher
   310 | D        | Noticed a jelly
   311 | D        | Noticed a shadow
   313 | D        | Killed a shadow
   313 | D        | Reached skill level 10 in Stealth
   313 | D        | Reached skill level 1 in Conjurations
   313 | D        | Reached XP level 5. HP: 24/24 MP: 12/15
   316 | D        | Killed a jelly
   316 | D        | Reached XP level 6. HP: 28/28 MP: 10/17
   362 | D        | Found a stormy altar of Qazlal.
   363 | D        | Found a sacrificial altar of Ru.
   363 | D        | Found a burning altar of Makhleb.
   363 | D        | Found a viscous altar of Jiyva.
   363 | D        | Found a shimmering altar of Xom.
   363 | D        | Found a shadowy altar of Dithmenos.
   363 | D        | Found a sparkling altar of Nemelex Xobeh.
   363 | D        | Found a corrupted altar of Lugonu.
   363 | D        | Found an opulent altar of Gozag.
   363 | D        | Noticed a spatial vortex
   367 | D        | Became a worshipper of Dithmenos the Shadowed
   382 | D        | Killed a spatial vortex
   382 | D        | Reached skill level 5 in Short Blades
   382 | D        | Reached skill level 1 in Invocations
   498 | D        | Found a radiant altar of Vehumet.
   499 | D        | Found a deep blue altar of Sif Muna.
   499 | D        | Found an ancient bone altar of Kikubaaqudgha.
   499 | D        | Noticed a wizard
   500 | D        | Killed a wizard
   500 | D        | Reached skill level 11 in Stealth
   525 | D        | Learned a level 2 spell: Cure Poison
   529 | D        | Learned a level 3 spell: Mephitic Cloud
   534 | D        | Learned a level 4 spell: Olgreb's Toxic Radiance
   551 | D        | Found a glowing silver altar of Zin.
   552 | D        | Found a glowing golden altar of the Shining One.
   552 | D        | Found a white marble altar of Elyvilon.
   552 | D        | Noticed a deep elf priest
   562 | D        | Killed a deep elf priest
   562 | D        | Reached skill level 10 in Dodging
   562 | D        | Reached skill level 1 in Poison Magic
   562 | D        | Reached XP level 7. HP: 32/32 MP: 8/20
   639 | D        | Found an iron altar of Okawaru.
   640 | D        | Found a bloodstained altar of Trog.
   640 | D        | Noticed a human
   640 | D        | Noticed a human
   648 | D        | Killed a human
   648 | D        | Reached skill level 1 in Air Magic
   660 | D        | Killed a human
   660 | D        | Acquired Dithmenos's first power
   660 | D        | Reached skill level 12 in Stealth
   727 | D        | Found a snail-covered altar of Cheibriados.
   727 | D        | Noticed a necrophage
   728 | D        | Found a basalt altar of Yredelemnul.
   728 | D        | Found a blossoming altar of Fedhas.
   728 | D        | Noticed a necromancer
   729 | D        | Killed a necrophage
   730 | D        | Killed a necromancer
   752 | D        | Noticed Snorg
   760 | D        | Killed Snorg
   760 | D        | Reached skill level 13 in Stealth
   760 | D        | Reached skill level 10 in Spellcasting
   760 | D        | Reached XP level 8. HP: 36/36 MP: 15/23
   811 | D        | Learned a level 5 spell: Venom Bolt
   863 | D        | Noticed an earth elemental
   865 | D        | Killed an earth elemental
   870 | D        | Noticed a centaur
   870 | D        | Noticed a centaur warrior
   870 | D        | Noticed a centaur
   872 | D        | Killed a centaur
   874 | D        | Killed a centaur warrior
   874 | D        | Acquired Dithmenos's second power
   874 | D        | Reached skill level 14 in Stealth
   874 | D        | Reached XP level 9. HP: 39/39 MP: 20/25
   875 | D        | Killed a centaur
   875 | D        | Reached skill level 5 in Ice Magic
   885 | D        | Learned a level 4 spell: Condensation Shield
   910 | D        | Noticed an unseen horror
   912 | D        | Killed an unseen horror
   922 | D        | Noticed a killer bee
   922 | D        | Noticed a killer bee
   922 | D        | Noticed a killer bee
   922 | D        | Noticed a killer bee
   922 | D        | Noticed a killer bee
   922 | D        | Noticed a queen bee
   922 | D        | Noticed a killer bee
   922 | D        | Noticed a killer bee
   922 | D        | Noticed a killer bee
   922 | D        | Noticed a killer bee
   922 | D        | Noticed a killer bee
   922 | D        | Noticed a killer bee
   922 | D        | Noticed a killer bee
   922 | D        | Noticed a killer bee
   922 | D        | Noticed a killer bee
   923 | D        | Noticed a killer bee
   923 | D        | Noticed a killer bee
   923 | D        | Noticed a killer bee
   924 | D        | Noticed a killer bee
   924 | D        | Noticed a killer bee
   924 | D        | Killed a killer bee
   925 | D        | Noticed a killer bee
   925 | D        | Noticed a killer bee
   926 | D        | Noticed a killer bee
   926 | D        | Killed a killer bee
   928 | D        | Killed a killer bee
   928 | D        | Acquired Dithmenos's third power
   930 | D        | Killed a killer bee
   931 | D        | Noticed a killer bee
   932 | D        | Noticed a killer bee
   932 | D        | Noticed a killer bee
   932 | D        | Noticed a killer bee
   932 | D        | Killed a killer bee
   932 | D        | Reached skill level 5 in Poison Magic
   933 | D        | Noticed a killer bee
   933 | D        | Noticed a killer bee
   934 | D        | Noticed a killer bee
   934 | D        | Noticed a killer bee
   934 | D        | Killed a killer bee
   937 | D        | Killed a killer bee
   939 | D        | Killed a killer bee
   939 | D        | Reached skill level 15 in Stealth
   940 | D        | Noticed a killer bee
   941 | D        | Killed a killer bee
   941 | D        | Acquired Dithmenos's fourth power
   943 | D        | Noticed a killer bee
   943 | D        | Killed a killer bee
   945 | D        | Killed a killer bee
  1080 | D        | Killed a killer bee
  1083 | D        | Killed a killer bee
  1085 | D        | Killed a killer bee
  1087 | D        | Killed a killer bee
  1089 | D        | Killed a killer bee
  1091 | D        | Killed a killer bee
  1093 | D        | Killed a killer bee
  1093 | D        | Reached XP level 10. HP: 44/44 MP: 8/27
  1095 | D        | Killed a killer bee
  1099 | D        | Killed a killer bee
  1107 | D        | Killed a killer bee
  1121 | D        | Killed a killer bee
  1257 | D        | Killed a killer bee
  1259 | D        | Killed a killer bee
  1261 | D        | Killed a killer bee
  1263 | D        | Killed a queen bee
  1263 | D        | Reached skill level 5 in Air Magic
  1265 | D        | Killed a killer bee
  1267 | D        | Killed a killer bee
  1269 | D        | Killed a killer bee
  1272 | D        | Killed a killer bee
  1288 | D        | Killed a killer bee
  1298 | D        | Killed a killer bee
  1303 | D        | Killed a killer bee
  1490 | D        | Noticed a wandering mushroom
  1491 | D        | Noticed a wandering mushroom
  1491 | D        | Noticed a wandering mushroom
  1492 | D        | Killed a wandering mushroom
  1494 | D        | Killed a wandering mushroom
  1494 | D        | Reached skill level 16 in Stealth
  1494 | D        | Reached skill level 5 in Conjurations
  1502 | D        | Killed a wandering mushroom
  1502 | D        | Reached skill level 10 in Hexes
  1626 | D        | Noticed a spiny frog
  1626 | D        | Noticed a komodo dragon
  1626 | D        | Noticed a spiny frog
  1629 | D        | Killed a komodo dragon
  1630 | D        | Killed a spiny frog
  1631 | D        | Killed a spiny frog
  1636 | D        | Noticed a redback
  1638 | D        | Killed a redback
  1639 | D        | Noticed a brain worm
  1642 | D        | Killed a brain worm
  1645 | D        | Noticed a brain worm
  1647 | D        | Killed a brain worm
  1650 | D        | Noticed a lindwurm
  1652 | D        | Noticed a redback
  1653 | D        | Killed a lindwurm
  1653 | D        | Reached skill level 15 in Dodging
  1655 | D        | Killed a redback
  1665 | D        | Learned a level 5 spell: Irradiate
  1666 | D        | Noticed a redback
  1667 | D        | Killed a redback
  1668 | D        | Noticed Maud
  1671 | D        | Killed Maud
  1671 | D        | Reached skill level 17 in Stealth
  1671 | D        | Reached XP level 11. HP: 47/47 MP: 29/29
  1676 | D        | Noticed an electric eel
  1677 | D        | Noticed a five-headed hydra
  1677 | D        | Noticed a four-headed hydra
  1679 | D        | Killed an electric eel
  1681 | D        | Killed a five-headed hydra
  1682 | D        | Killed a four-headed hydra
  1722 | D        | Noticed a death drake
  1725 | D        | Killed a death drake
  1732 | D        | Found a blossoming altar of Fedhas.
  1732 | D        | Noticed a spriggan
  1732 | D        | Noticed a spriggan druid
  1732 | D        | Noticed a spriggan
  1734 | D        | Killed a spriggan druid
  1735 | D        | Killed a spriggan
  1735 | D        | Reached skill level 18 in Stealth
  1736 | D        | Killed a spriggan
  1759 | D        | Noticed an anaconda
  1759 | D        | Noticed a black mamba
  1759 | D        | Noticed a water moccasin
  1759 | D        | Noticed a black mamba
  1766 | D        | Killed an anaconda
  1768 | D        | Killed a black mamba
  1772 | D        | Killed a black mamba
  1877 | D        | Noticed an anaconda
  1878 | D        | Noticed a black mamba
  1879 | D        | Killed an anaconda
  1879 | D        | Reached skill level 5 in Transmutations
  1881 | D        | Killed a water moccasin
  1888 | D        | Killed a black mamba
  1888 | D        | Reached skill level 10 in Short Blades
  1888 | D        | Killed a yaktaur
  1929 | D        | Noticed a black mamba
  1931 | D        | Killed a black mamba
  1932 | D        | Noticed a water moccasin
  1935 | D        | Killed a water moccasin
  1938 | D        | Noticed a naga
  1938 | D        | Noticed a naga
  1939 | D        | Noticed a naga warrior
  1939 | D        | Noticed a greater naga
  1939 | D        | Found Saese's Book Shop.
  1939 | D        | Found Baczus's Antique Armour Shoppe.
  1939 | D        | Found Puqefeuta's Magic Scroll Boutique.
  1940 | D        | Killed a naga
  1960 | D        | Killed a naga
  2140 | D        | Killed a greater naga
  2140 | D        | Reached skill level 15 in Spellcasting
  2140 | D        | Reached XP level 12. HP: 26/51 MP: 11/32
  2162 | D        | Killed a yaktaur
  2299 | D        | Killed a naga warrior
  2299 | D        | Reached skill level 19 in Stealth
  2313 | D        | Noticed a guardian serpent
  2315 | D        | Killed a guardian serpent
  2319 | D        | Got a serpentine rune of Zot
  2414 | D        | Noticed a swamp drake
  2414 | D        | Noticed a fire drake
  2415 | D        | Killed a fire drake
  2417 | D        | Killed a swamp drake
  2428 | D        | Noticed a blink frog
  2428 | D        | Noticed a blink frog
  2428 | D        | Noticed a blink frog
  2429 | D        | Noticed a blink frog
  2429 | D        | Noticed a blink frog
  2431 | D        | Killed a blink frog
  2433 | D        | Killed a blink frog
  2440 | D        | Killed a blink frog
  2445 | D        | Killed a blink frog
  2448 | D        | Killed a blink frog
  2508 | D        | Noticed Rupert
  2510 | D        | Killed Rupert
  2530 | D        | Noticed a death yak
  2531 | D        | Noticed a death yak
  2531 | D        | Noticed a blink frog
  2532 | D        | Noticed an azure jelly
  2532 | D        | Noticed a death yak
  2532 | D        | Noticed an azure jelly
  2532 | D        | Noticed a blink frog
  2532 | D        | Noticed a death yak
  2533 | D        | Killed a death yak
  2534 | D        | Killed a blink frog
  2535 | D        | Killed a death yak
  2536 | D        | Noticed a blink frog
  2536 | D        | Noticed a black mamba
  2537 | D        | Noticed a black mamba
  2537 | D        | Killed a death yak
  2537 | D        | Reached skill level 20 in Stealth
  2539 | D        | Killed a blink frog
  2540 | D        | Killed a blink frog
  2541 | D        | Killed a death yak
  2543 | D        | Killed a black mamba
  2547 | D        | Killed a black mamba
  2553 | D        | Noticed an azure jelly
  2553 | D        | Noticed an azure jelly
  2592 | D        | Noticed a snapping turtle
  2592 | D        | Noticed a snapping turtle
  2593 | D        | Noticed a kraken
  2594 | D        | Killed a snapping turtle
  2595 | D        | Noticed an alligator snapping turtle
  2595 | D        | Noticed a snapping turtle
  2595 | D        | Noticed a snapping turtle
  2595 | D        | Noticed a snapping turtle
  2595 | D        | Found Yjoah's Book Shoppe.
  2595 | D        | Found Boxag's Antique Armour Boutique.
  2595 | D        | Found Yblisen's Distillery.
  2596 | D        | Killed a snapping turtle
  2641 | D        | Killed a snapping turtle
  2744 | D        | Killed a snapping turtle
  2807 | D        | Killed an alligator snapping turtle
  2809 | D        | Killed a snapping turtle
  3115 | D        | Killed a kraken
  3229 | D        | Got a barnacled rune of Zot
  3278 | D        | Noticed an elephant
  3278 | D        | Noticed an elephant
  3278 | D        | Noticed a dire elephant
  3278 | D        | Noticed a dire elephant
  3278 | D        | Noticed Gastronok
  3306 | D        | Mangled by a dire elephant

Vault maps used:
D:        dungeon_sprint_mu

Action                   |  1- 3 |  4- 6 |  7- 9 | 10-12 || total
-------------------------+-------+-------+-------+-------++-------
Melee: Dagger            |    13 |    12 |    41 |   173 ||   239
 Cast: Corona            |     3 |       |       |       ||     3
       Ensorcelled Hiber |       |     3 |    21 |    45 ||    69
       Dazzling Spray    |       |     6 |     4 |    34 ||    44
       Tukima's Dance    |       |     2 |       |     2 ||     4
       Confuse           |       |     1 |     1 |       ||     2
       Condensation Shie |       |       |     1 |       ||     1
Invok: Shadow Step       |       |       |     1 |    16 ||    17
  Use: Potion            |     4 |       |       |     1 ||     5
       Scroll            |     2 |       |       |     1 ||     3
 Stab: Sleeping          |     5 |     4 |    26 |    66 ||   101
       Confused          |       |       |     1 |       ||     1
       Invisible         |       |       |       |     1 ||     1
  Eat: Bread ration      |       |       |       |     1 ||     1
